Map: 2000 Atmospheres LE

Players

herO

  • Race: Protoss Protoss

ShoWTimE - Winner!

  • Race: Protoss Protoss

VOD

Have the link to the VOD?

Description

Time

  • Played on: Oct. 21, 2021, 9:37 a.m.
  • Length: 19:35
Show
View Real Time Build Order
Export as new Build Order

herO Protoss 

Build Orders: Phoenix Opening, Blink Stalkers 

Get SALT Encoding   

  12  0:00  Probe  
  13  0:12  Probe  
  14  0:17  Pylon  
  14  0:24  Probe (Chrono Boost)  
  16  0:36  Probe (Chrono Boost), Gateway  
  16  0:43  Probe (Chrono Boost)  
  16  0:46  Assimilator  
  17  0:51  Probe  
  18  1:01  Assimilator  
  18  1:03  Probe (Chrono Boost)  
  19  1:07  Gateway  
  19  1:13  Probe (Chrono Boost)  
  20  1:19  Probe  
  20  1:25  Cybernetics Core  
  21  1:31  Probe  
  22  1:36  Pylon  
  22  1:43  Probe  
  23  1:55  Probe  
  24  2:02  Stalker x2  
  24  2:04  Warp Gate  
  28  2:13  Pylon  
  28  2:34  Sentry  
  28  2:35  Sentry  
  31  2:44  Nexus  
  31  2:47  Probe (Chrono Boost)  
  33  2:59  Probe (Chrono Boost)  
  33  3:00  Sentry, Pylon  
  33  3:04  Probe (Chrono Boost)  
  36  3:07  Phoenix  
  36  3:15  Probe (Chrono Boost)  
  36  3:19  Twilight Council  
  38  3:27  Probe (Chrono Boost)  
  38  3:34  Probe (Chrono Boost)  
  39  3:41  Probe  
  39  3:44  Phoenix  
  39  3:46  Forge  
  40  3:51  Blink (Chrono Boost)  
  41  3:57  Probe x2 (Chrono Boost)  
  42  4:07  Probe (Chrono Boost)  
  42  4:09  Probe (Chrono Boost)  
  44  4:12  Probe  
  44  4:15  Stalker x2  
  49  4:17  Probe  
  49  4:18  Protoss Ground Weapons Level 1  
  50  4:31  Nexus  
  50  4:33  Probe  
  50  4:34  Probe  
  52  4:40  Assimilator  
  52  4:47  Probe x2  
  52  4:50  Phoenix  
  52  4:51  Stalker x2  
  58  4:55  Pylon  
  58  4:59  Probe x2  
  60  5:02  Gateway  
  60  5:06  Gateway  
  60  5:11  Probe  
  60  5:12  Probe  
  62  5:14  Assimilator  
  62  5:21  Stalker x2  
  63  5:24  Probe x2  
  67  5:34  Shield Battery  
  67  5:36  Pylon  
  67  5:38  Dark Shrine  
  67  5:41  Phoenix  
  67  5:43  Nexus  
  67  5:45  Pylon  
  67  5:58  Probe  
  67  5:59  Probe  
  69  6:05  Stalker x4  
  69  6:11  Probe  
  78  6:15  Pylon  
  78  6:16  Pylon  
  78  6:27  Pylon  
  78  6:33  Probe  
  73  6:45  Probe x2  
  73  6:46  Adept x2, Stalker  
  73  6:47  Stalker  
  79  6:52  Photon Cannon  
  79  6:53  Protoss Ground Weapons Level 2 (Chrono Boost)  
  79  6:54  Gateway  
  79  6:56  Gateway  
  79  6:59  Gateway  
  79  7:01  Gateway  
  79  7:10  Dark Templar x3  
  79  7:14  Probe  
  79  7:15  Probe  
  87  7:16  Probe  
  84  7:26  Probe  
  84  7:27  Robotics Facility, Probe, Pylon  
  84  7:28  Probe  
  81  7:47  Probe x3  
  81  7:50  Stalker x6  
  88  8:06  Probe  
  88  8:07  Probe x2, Assimilator  
  88  8:08  Dark Templar  
  88  8:11  Warp Prism (Chrono Boost)  
  88  8:12  Gateway  
  93  8:14  Shield Battery  
  93  8:19  Probe x3  
  98  8:24  Stalker x4  
  106  8:30  Assimilator  
  106  8:36  Stalker x3  
  112  8:44  Observer  
  113  8:58  Stalker x3  
  113  8:59  Stalker x3  
  125  9:06  Pylon  
  125  9:07  Pylon  
  125  9:09  Robotics Bay  
  125  9:10  Observer  
  123  9:26  Stalker x5  
  123  9:27  Stalker x3  
  123  9:29  Stalker  
  128  9:46  Warp Prism (Chrono Boost)  
  114  10:03  Robotics Facility  
  114  10:06  Adept x2  
  118  10:07  Stalker x5  
  118  10:11  Nexus  
  118  10:12  Stalker  
  118  10:14  Observer (Chrono Boost)  
  130  10:16  Pylon  
  130  10:17  Stalker  
  133  10:31  Disruptor (Chrono Boost)  
  136  10:40  Zealot x4  
  136  10:41  Zealot x4  
  103  10:51  Disruptor (Chrono Boost)  
  103  10:56  Disruptor (Chrono Boost)  
  104  10:58  Adept x2  
  104  11:01  Probe x3  
  104  11:02  Photon Cannon  
  114  11:04  Shield Battery  
  114  11:07  Stalker x7  
  126  11:17  Probe x3  
  126  11:18  Disruptor (Chrono Boost)  
  125  11:22  Disruptor (Chrono Boost)  
  131  11:31  Assimilator x2  
  131  11:32  Probe x3  
  134  11:34  Probe  
  133  11:47  Stalker x8  
  135  11:49  Observer (Chrono Boost)  
  135  11:53  Disruptor (Chrono Boost)  
  152  12:08  Disruptor (Chrono Boost)  
  153  12:18  Stalker x4, Disruptor (Chrono Boost)  
  164  12:23  Photon Cannon  
  164  12:24  Photon Cannon  
  164  12:25  Photon Cannon  
  164  12:26  Shield Battery  
  153  12:40  Disruptor (Chrono Boost)  
  151  12:44  Disruptor (Chrono Boost)  
  151  12:47  Stalker x5  
  164  12:52  Pylon x2  
  164  13:06  Pylon  
  148  13:21  Disruptor x2 (Chrono Boost)  
  154  13:28  Stalker x8  
  154  13:29  Stalker  
  172  13:41  Nexus  
  172  13:43  Pylon  
  172  13:48  Disruptor x2 (Chrono Boost)  
  170  13:50  Shadow Stride (Chrono Boost)  
  176  14:05  Stalker x5  
  176  14:06  Stalker x4  
  176  14:09  Pylon  
  192  14:10  Photon Cannon  
  155  14:27  Disruptor x2  
  133  14:39  Probe x4  
  133  14:40  Assimilator  
  133  14:45  Assimilator  
  133  14:48  Photon Cannon  
  133  14:49  Dark Templar x4  
  133  14:50  Dark Templar x3  
  133  14:51  Zealot x2  
  151  14:57  Probe x5  
  156  15:04  Photon Cannon  
  154  15:07  Disruptor (Chrono Boost)  
  150  15:26  Stalker x4  
  150  15:27  Stalker x2  
  138  15:52  Stalker x4  
  138  15:53  Stalker x4  
  138  15:55  Observer  
  155  16:04  Nexus  
  133  16:35  Disruptor (Chrono Boost)  
  116  16:49  Pylon  
  116  16:51  Stalker x9  
  116  16:53  Assimilator  
  134  17:01  Disruptor (Chrono Boost)  
  137  17:16  Robotics Facility, Unknown, Probe x2, Nexus  
  137  17:17  Probe x2  
  137  17:19  Probe  
  140  17:23  Dark Templar x3  
  140  17:24  Dark Templar  
  137  17:48  Disruptor (Chrono Boost)  
  131  17:53  Charge (Chrono Boost)  
  126  17:59  Pylon  
  126  18:01  Assimilator  
  120  18:06  Disruptor (Chrono Boost), Dark Templar, Assimilator  
  125  18:14  Disruptor (Chrono Boost)  
  128  18:22  Stalker  
  128  18:23  Stalker x7  
  142  18:27  Probe x3  
  142  18:28  Probe  
  146  18:39  Probe  
  121  18:59  Stalker x6  
Show
View Real Time Build Order
Export as new Build Order

ShoWTimE Protoss - Winner!

Build Orders: Phoenix Opening, Blink Stalkers 

Get SALT Encoding   

  12  0:00  Probe  
  13  0:12  Probe  
  14  0:17  Pylon  
  14  0:24  Probe (Chrono Boost)  
  15  0:36  Probe (Chrono Boost), Gateway  
  16  0:44  Probe (Chrono Boost)  
  16  0:46  Assimilator  
  17  0:50  Probe  
  18  1:03  Probe (Chrono Boost)  
  19  1:04  Assimilator  
  19  1:09  Gateway  
  19  1:13  Probe (Chrono Boost)  
  19  1:18  Probe (Chrono Boost)  
  20  1:25  Cybernetics Core  
  21  1:29  Probe  
  22  1:37  Pylon  
  22  1:41  Probe  
  23  1:55  Probe  
  24  2:01  Sentry, Stalker  
  24  2:02  Warp Gate  
  24  2:07  Probe  
  29  2:12  Pylon  
  29  2:25  Pylon  
  29  2:27  Stalker  
  31  2:33  Sentry  
  31  2:36  Phoenix  
  33  2:50  Nexus  
  33  2:54  Probe  
  34  2:59  Shield Battery  
  34  3:06  Probe  
  35  3:17  Twilight Council  
  35  3:18  Probe  
  35  3:19  Sentry  
  38  3:22  Phoenix  
  38  3:24  Pylon  
  38  3:30  Probe  
  39  3:42  Probe (Chrono Boost)  
  39  3:46  Blink (Chrono Boost)  
  40  3:51  Probe (Chrono Boost)  
  41  3:59  Stalker, Probe (Chrono Boost)  
  41  4:02  Probe (Chrono Boost)  
  46  4:12  Forge, Probe (Chrono Boost)  
  46  4:13  Probe (Chrono Boost)  
  47  4:17  Probe (Chrono Boost)  
  47  4:20  Probe  
  47  4:22  Phoenix  
  49  4:29  Probe  
  50  4:32  Probe  
  50  4:34  Nexus  
  51  4:40  Stalker  
  51  4:42  Stalker  
  55  4:46  Pylon  
  55  4:48  Protoss Ground Weapons Level 1 (Chrono Boost)  
  55  4:49  Probe x2  
  57  4:54  Phoenix  
  57  5:04  Stalker  
  57  5:05  Stalker  
  57  5:06  Probe  
  63  5:07  Probe  
  63  5:14  Robotics Facility  
  63  5:17  Assimilator  
  63  5:18  Probe  
  63  5:19  Probe  
  65  5:30  Stalker x2, Probe  
  65  5:32  Shield Battery  
  70  5:42  Gateway x2  
  70  5:43  Phoenix  
  70  5:46  Probe x2  
  70  5:49  Probe  
  71  5:58  Probe  
  71  6:00  Stalker x2  
  71  6:02  Probe  
  71  6:03  Shield Battery  
  77  6:05  Observer  
  78  6:14  Gateway x2  
  78  6:15  Charge  
  78  6:22  Probe  
  78  6:25  Probe x2  
  81  6:27  Pylon  
  77  6:33  Stalker x2  
  77  6:34  Probe  
  77  6:37  Probe x2  
  78  6:43  Protoss Ground Weapons Level 2 (Chrono Boost)  
  78  6:44  Stalker x2  
  78  6:46  Probe  
  79  6:49  Probe x2  
  81  6:56  Assimilator  
  81  6:58  Probe, Gateway  
  81  6:59  Observer  
  81  7:00  Zealot, Assimilator  
  86  7:01  Probe x2  
  86  7:02  Gateway  
  86  7:03  Pylon  
  86  7:05  Pylon  
  87  7:12  Stalker x2  
  87  7:14  Probe  
  87  7:15  Probe  
  92  7:16  Probe  
  92  7:23  Zealot x3  
  92  7:26  Probe  
  92  7:27  Probe  
  100  7:31  Probe  
  98  7:40  Stalker x3  
  98  7:42  Observer  
  98  7:43  Probe  
  99  7:47  Probe  
  99  7:49  Probe  
  97  7:55  Probe  
  98  7:59  Probe  
  98  8:01  Probe  
  98  8:02  Zealot x2  
  98  8:04  Pylon  
  100  8:06  Assimilator  
  100  8:15  Templar Archives  
  100  8:17  Pylon  
  100  8:21  Warp Prism (Chrono Boost)  
  100  8:26  Zealot x3  
  108  8:30  Pylon  
  108  8:31  Pylon  
  108  8:39  Nexus  
  108  8:50  Zealot x6  
  108  8:54  High Templar x2  
  124  8:58  Archon  
  124  9:02  Shield Battery  
  124  9:09  Immortal  
  124  9:11  Stalker x3  
  126  9:17  Probe x2  
  126  9:21  Stalker x2  
  126  9:24  Probe  
  130  9:29  Stalker, Probe  
  123  9:39  Zealot x5  
  123  9:47  Zealot x2, Immortal (Chrono Boost)  
  117  9:58  Zealot  
  111  10:02  Probe x3  
  111  10:03  Probe, High Templar  
  111  10:04  High Templar x3  
  123  10:07  Archon  
  123  10:08  Archon  
  123  10:15  Zealot x3  
  123  10:18  Probe x3  
  123  10:20  Probe  
  133  10:21  Shield Battery  
  133  10:24  Immortal  
  135  10:30  Zealot  
  135  10:36  Stalker x3  
  127  10:44  Zealot x4  
  127  10:56  Protoss Ground Weapons Level 3 (Chrono Boost)  
  125  10:57  Probe, Photon Cannon  
  125  10:58  Probe, Photon Cannon  
  125  11:02  High Templar x4  
  139  11:06  Archon x2  
  133  11:19  Zealot x4  
  141  11:32  Gateway  
  141  11:33  Gateway  
  141  11:45  Pylon, Photon Cannon  
  141  11:47  High Templar x3  
  141  11:52  Archon  
  141  11:53  Pylon  
  141  11:54  Pylon  
  147  11:59  Gateway  
  145  12:02  Gateway  
  145  12:05  Pylon  
  145  12:06  High Templar x3  
  145  12:07  Pylon, Zealot x2  
  155  12:10  Archon  
  155  12:21  Zealot x2  
  155  12:22  Zealot  
  128  12:43  Stalker x7, High Templar  
  136  12:45  Stalker x2  
  140  12:51  Archon  
  140  12:56  Robotics Bay  
  140  12:57  Stalker  
  142  12:59  Robotics Facility, Probe x3  
  141  13:14  Stalker x2  
  141  13:15  Stalker x8  
  147  13:20  Observer  
  142  13:32  Stalker  
  144  13:39  Stalker x6  
  156  13:42  Stalker  
  156  13:49  Probe x2  
  156  13:50  Probe  
  156  13:52  Assimilator  
  156  13:53  Assimilator  
  156  13:55  Zealot x4  
  162  14:04  Zealot  
  162  14:05  Zealot x6  
  162  14:06  Disruptor (Chrono Boost)  
  153  14:25  Disruptor (Chrono Boost)  
  153  14:26  Zealot x10  
  153  14:30  Probe x2  
  167  14:31  Probe  
  167  14:32  Protoss Shields Level 1 (Chrono Boost), Probe  
  164  14:38  Disruptor (Chrono Boost)  
  164  14:40  Photon Cannon  
  164  14:42  Photon Cannon  
  164  14:45  Pylon  
  167  14:47  Gravitic Boosters (Chrono Boost)  
  167  14:54  Observer  
  167  14:57  Stalker x4  
  167  14:58  Stalker x3  
  182  15:11  Nexus  
  182  15:13  Pylon, Disruptor (Chrono Boost)  
  185  15:14  Disruptor (Chrono Boost)  
  165  15:30  Stalker x4  
  165  15:31  Probe  
  171  15:41  Disruptor (Chrono Boost)  
  167  15:50  Disruptor (Chrono Boost)  
  167  15:51  Probe x2  
  167  15:52  Probe  
  170  15:59  Stalker x3  
  173  16:09  Probe  
  174  16:13  Observer (Chrono Boost)  
  174  16:18  Probe, Disruptor  
  165  16:22  Probe  
  138  16:32  Zealot x2  
  138  16:33  Zealot  
  138  16:35  Probe x2  
  138  16:36  Probe  
  138  16:39  Observer  
  144  16:46  Zealot x2  
  148  17:07  Zealot x4  
  156  17:10  Pylon  
  156  17:13  Probe x2  
  156  17:14  Pylon  
  156  17:15  Probe  
  155  17:21  Probe  
  155  17:22  Observer  
  157  17:24  Probe  
  157  17:25  Probe  
  159  17:31  Zealot x5  
  159  17:37  Stalker  
  159  17:38  Stalker  
  159  17:41  Stalker  
  161  17:53  Zealot x5  
  161  17:57  Disruptor  
  172  18:05  Shield Battery, Photon Cannon  
  170  18:09  Observer  
  170  18:12  Observer  
  163  18:22  Stalker x6  
  175  18:33  Photon Cannon  
  175  18:34  Shield Battery, Zealot x3  
  175  18:40  Assimilator  
  179  18:42  Stalker x2  
  179  18:44  Probe  
  164  19:07  Stalker x4  
  170  19:11  Zealot x7  
  168  19:31  Zealot x6  
  168  19:32  Zealot x3  
Tags
 
Add a new tag
Caveats
  • Supply blocks, unpowered buildings, or Contaminate may cause inaccurate times.
  • Supply counts are checked every 10 seconds.